PBL
JOPLIN BLASTERS @ CALGARY FLAMES
10/14/2045
 
TOP OF THE 1ST
Oklahoma State University Cowboys batting - Pitching for University of Illinois Fighting Illini : RHP Antonio Santos
Pitching: RHP Antonio Santos
Batting: LHB J.P. Olson 0-0: Called Strike
0-1: Ball
1-1: Ground out U3 (Groundball, 3L, EV 77.5 MPH)
Batting: RHB Tanner Purchase 0-0: DOUBLE (Flyball, 8LXD, EV 101.9 MPH)
Batting: RHB Jerry Edmiston 0-0: Ball
1-0: Called Strike
1-1: Called Strike
Tanner Purchase steals 3rd base
1-2: Fly out, F6 (Popup, 6MD, EV 51.9 MPH)
Batting: RHB Bobby Mabrey 0-0: Foul Ball, location: 2F
0-1: Foul Ball, location: 2F
0-2: Foul Ball, location: 2F
0-2: Foul Ball, location: 2F
0-2: Ball
1-2: Ball
2-2: Ball
3-2: Foul Ball, location: 2F
3-2: Fly out, F7 (Flyball, 7, EV 73.8 MPH)
Top of the 1st over - 0 runs, 1 hit, 0 errors, 1 left on base; Oklahoma State University 0 - University of Illinois 0
BOTTOM OF THE 1ST
University of Illinois Fighting Illini batting - Pitching for Oklahoma State University Cowboys : LHP Colin Scott
Pitching: LHP Colin Scott
Batting: RHB John Ham 0-0: Ball
1-0: Ball
2-0: Called Strike
2-1: Foul Ball, location: 2F
2-2: Ball
3-2: Fly out, F9 (Flyball, 89M, EV 84.4 MPH)
Batting: RHB Bjoern Waltersson 0-0: Swinging Strike
0-1: Foul Ball, location: 2F
0-2: Fly out, F7 (Line Drive, 7, EV 88.8 MPH)
Batting: RHB Eric Waugaman 0-0: Ball
1-0: Ball
2-0: Ground out 5-3 (Groundball, 56, EV 105.6 MPH)
Bottom of the 1st over - 0 runs, 0 hits, 0 errors, 0 left on base; Oklahoma State University 0 - University of Illinois 0
TOP OF THE 2ND
Oklahoma State University Cowboys batting - Pitching for University of Illinois Fighting Illini : RHP Antonio Santos
Batting: SHB Robert Sayer 0-0: Fly out, F8 (Line Drive, 8RM, EV 106.9 MPH)
Batting: RHB Steve Hoekwater 0-0: Ball
1-0: Called Strike
1-1: Foul Ball, location: 2F
1-2: Ground out 6-3 (Groundball, 6, EV 80.6 MPH)
Batting: RHB Cyril Husson 0-0: Ball
1-0: Ball
2-0: Swinging Strike
2-1: DOUBLE (Line Drive, 89M, EV 99.4 MPH)
Batting: RHB Nick Moore 0-0: Ball
Passed Ball!
Cyril Husson to third
1-0: Ground out 6-3 (Groundball, 6, EV 85.0 MPH)
Top of the 2nd over - 0 runs, 1 hit, 0 errors, 1 left on base; Oklahoma State University 0 - University of Illinois 0
BOTTOM OF THE 2ND
University of Illinois Fighting Illini batting - Pitching for Oklahoma State University Cowboys : LHP Colin Scott
Batting: RHB Jerry Castillo 0-0: Foul Ball, location: 2F
0-1: Called Strike
0-2: Foul Ball, location: 2F
0-2: Ball
1-2: SINGLE (Line Drive, 8RS, EV 103.8 MPH)
Batting: RHB Teruhide Horiuchi 0-0: Ball
1-0: Swinging Strike
1-1: Called Strike
1-2: Strikes out swinging
Batting: RHB Freddie Brown 0-0: Swinging Strike
0-1: Called Strike
0-2: Ball
1-2: Ball
2-2: Foul Ball, location: 2F
2-2: Ball
3-2: Strikes out swinging
Batting: RHB Scott Merritt 0-0: Ball
1-0: Ball
2-0: Fly out, F9 (Flyball, 9, EV 95.0 MPH)
Bottom of the 2nd over - 0 runs, 1 hit, 0 errors, 1 left on base; Oklahoma State University 0 - University of Illinois 0
TOP OF THE 3RD
Oklahoma State University Cowboys batting - Pitching for University of Illinois Fighting Illini : RHP Antonio Santos
Batting: LHB Colin Scott 0-0: Called Strike
0-1: Ball
1-1: SINGLE (Groundball, 34D, EV 106.3 MPH)
Batting: LHB J.P. Olson 0-0: Foul Ball, location: 2F
0-1: Foul Ball, location: 2F
0-2: Ball
1-2: Ball
2-2: Fly out, F8 (Flyball, 8LD, EV 99.4 MPH)
Batting: RHB Tanner Purchase 0-0: Called Strike
0-1: Ball
1-1: Foul Ball, location: 2F
1-2: Foul Ball, location: 2F
1-2: Strikes out looking
Batting: RHB Jerry Edmiston 0-0: Called Strike
0-1: Ball
Passed Ball!
Colin Scott to second
1-1: Foul Ball, location: 2F
1-2: Strikes out swinging
Top of the 3rd over - 0 runs, 1 hit, 0 errors, 1 left on base; Oklahoma State University 0 - University of Illinois 0
BOTTOM OF THE 3RD
University of Illinois Fighting Illini batting - Pitching for Oklahoma State University Cowboys : LHP Colin Scott
Batting: LHB Nick Isaac 0-0: Called Strike
0-1: Swinging Strike
0-2: Foul Ball, location: 2F
0-2: Ball
1-2: Strikes out swinging
Batting: SHB Antonio Santos 0-0: Ball
1-0: Foul Ball, location: 2F
1-1: Foul Ball, location: 2F
1-2: Strikes out swinging
Batting: RHB John Ham 0-0: Foul Ball, location: 2F
0-1: Foul Ball, location: 2F
0-2: Ball
1-2: Ball
2-2: Ground out 6-3 (Groundball, 56, EV 80.0 MPH)
Bottom of the 3rd over - 0 runs, 0 hits, 0 errors, 0 left on base; Oklahoma State University 0 - University of Illinois 0
TOP OF THE 4TH
Oklahoma State University Cowboys batting - Pitching for University of Illinois Fighting Illini : RHP Antonio Santos
Batting: RHB Bobby Mabrey 0-0: Fly out, F9 (Flyball, 89M, EV 97.5 MPH)
Batting: SHB Robert Sayer 0-0: Called Strike
0-1: Called Strike
0-2: Ball
1-2: Ball
2-2: Ball
3-2: Base on Balls
Batting: RHB Steve Hoekwater 0-0: Called Strike
0-1: DOUBLE (Line Drive, 78D, EV 115.0 MPH)
Robert Sayer to third
Batting: RHB Cyril Husson 0-0: Ball
1-0: Ball
2-0: Ball
3-0: Base on Balls
Batting: RHB Nick Moore 0-0: Called Strike
0-1: Ball
1-1: Foul Ball, location: 2F
1-2: Fly out, F8 (Flyball, 8RS, EV 70.6 MPH)
Batting: LHB Colin Scott 0-0: Ball
1-0: Called Strike
1-1: Ball
2-1: Foul Ball, location: 2F
2-2: Strikes out swinging
Top of the 4th over - 0 runs, 1 hit, 0 errors, 3 left on base; Oklahoma State University 0 - University of Illinois 0
BOTTOM OF THE 4TH
University of Illinois Fighting Illini batting - Pitching for Oklahoma State University Cowboys : LHP Colin Scott
Batting: RHB Bjoern Waltersson 0-0: Ball
1-0: Ball
2-0: Called Strike
2-1: Bunt for hit to 5S - play at first, batter safe!
Batting: RHB Eric Waugaman 0-0: Fly out, F7 (Flyball, 7, EV 93.1 MPH)
Batting: RHB Jerry Castillo 0-0: Called Strike
0-1: Ball
1-1: Ball
2-1: Grounds into double play, 5-4-3 (Groundball, 56, EV 90.6 MPH)
Bottom of the 4th over - 0 runs, 1 hit, 0 errors, 0 left on base; Oklahoma State University 0 - University of Illinois 0
TOP OF THE 5TH
Oklahoma State University Cowboys batting - Pitching for University of Illinois Fighting Illini : RHP Antonio Santos
Batting: LHB J.P. Olson 0-0: Ball
1-0: Foul Ball, location: 2F
1-1: Ball
2-1: Ball
3-1: Foul Ball, location: 2F
3-2: Base on Balls
Batting: RHB Tanner Purchase 0-0: Ball
1-0: Called Strike
1-1: Ball
2-1: Called Strike
2-2: Ball
3-2: Foul Ball, location: 2F
3-2: Foul Ball, location: 2F
3-2: Foul Ball, location: 2F
3-2: Foul Ball, location: 2F
3-2: Strikes out looking
Batting: RHB Jerry Edmiston 0-0: Ball
1-0: Ball
2-0: Called Strike
2-1: Foul Ball, location: 2F
2-2: SINGLE (Groundball, 13, EV 90.6 MPH) (infield hit)
J.P. Olson to second
Batting: RHB Bobby Mabrey 0-0: Fly out, F8 (Line Drive, 8RM, EV 91.3 MPH)
Batting: SHB Robert Sayer 0-0: Ball
1-0: Ball
2-0: Called Strike
2-1: Swinging Strike
2-2: Ball
3-2: Base on Balls
J.P. Olson to third
Jerry Edmiston to second
Batting: RHB Steve Hoekwater 0-0: Ball
1-0: Reached on error, E4 (Groundball, 4, EV 99.4 MPH)
J.P. Olson scores
Jerry Edmiston to third
Robert Sayer to second
Batting: RHB Cyril Husson 0-0: Ball
1-0: Fly out, F8 (Line Drive, 8LM, EV 91.9 MPH)
Top of the 5th over - 1 run, 1 hit, 1 error, 3 left on base; Oklahoma State University 1 - University of Illinois 0
BOTTOM OF THE 5TH
University of Illinois Fighting Illini batting - Pitching for Oklahoma State University Cowboys : LHP Colin Scott
Batting: RHB Teruhide Horiuchi 0-0: Ball
1-0: Ball
2-0: SINGLE (Line Drive, 7S, EV 98.8 MPH)
Batting: RHB Freddie Brown 0-0: Called Strike
0-1: Ball
1-1: Foul Ball, location: 2F
1-2: Ball
2-2: Ball
3-2: Foul Ball, location: 2F
3-2: Foul Ball, location: 2F
3-2: Base on Balls
Teruhide Horiuchi to second
Batting: RHB Scott Merritt 0-0: Ball
1-0: Ball
2-0: Fly out, F3 (Line Drive, 3, EV 67.5 MPH)
Lined into DP, U3 (Line Drive, 3, EV 68.1 MPH)
Batting: LHB Nick Isaac 0-0: Called Strike
0-1: DOUBLE (Line Drive, 78D, EV 106.9 MPH)
Teruhide Horiuchi scores
Pinch Hitting: SHB Steve Salafia 0-0: Called Strike
0-1: Called Strike
0-2: Ball
1-2: Strikes out swinging
Bottom of the 5th over - 1 run, 2 hits, 0 errors, 1 left on base; Oklahoma State University 1 - University of Illinois 1
TOP OF THE 6TH
Oklahoma State University Cowboys batting - Pitching for University of Illinois Fighting Illini : RHP Antonio Santos
Pitching: RHP Todd Kalkbrenner
Batting: RHB Nick Moore 0-0: Called Strike
0-1: Swinging Strike
0-2: Foul Ball, location: 2F
0-2: Foul Ball, location: 2F
0-2: Ball
1-2: Ball
2-2: Fly out, F8 (Flyball, 8RM, EV 86.9 MPH)
Batting: LHB Colin Scott 0-0: Ball
1-0: Called Strike
1-1: Swinging Strike
1-2: Foul Ball, location: 2F
1-2: Strikes out swinging
Batting: LHB J.P. Olson 0-0: Called Strike
0-1: Ball
1-1: Ground out U3 (Groundball, 3, EV 109.4 MPH)
Top of the 6th over - 0 runs, 0 hits, 0 errors, 0 left on base; Oklahoma State University 1 - University of Illinois 1
BOTTOM OF THE 6TH
University of Illinois Fighting Illini batting - Pitching for Oklahoma State University Cowboys : LHP Colin Scott
Batting: RHB John Ham 0-0: Foul Ball, location: 2F
0-1: Foul Ball, location: 2F
0-2: Foul Ball, location: 2F
0-2: Ball
1-2: Ball
2-2: Ball
3-2: Ground out 5-3 (Groundball, 56S, EV 86.9 MPH)
Pitching: RHP Steven Hamlin
Batting: RHB Bjoern Waltersson 0-0: Ball
1-0: Called Strike
1-1: Reached on error, E5 (Groundball, 5, EV 105.0 MPH)
Batting: RHB Eric Waugaman 0-0: Called Strike
Bjoern Waltersson steals 2nd base
0-1: Ball
1-1: Swinging Strike
1-2: Ball
2-2: Ball
3-2: SINGLE (Flyball, 9LS, EV 93.8 MPH)
Bjoern Waltersson to third
Batting: RHB Jerry Castillo 0-0: Ball
1-0: Ball
2-0: Ball
3-0: Called Strike
3-1: Called Strike
3-2: Base on Balls
Eric Waugaman to second
Batting: RHB Teruhide Horiuchi 0-0: Called Strike
0-1: Foul Ball, location: 2F
0-2: Ball
1-2: DOUBLE (Line Drive, 78D, EV 103.8 MPH)
Bjoern Waltersson scores
Eric Waugaman scores
Jerry Castillo to third
Batting: RHB Freddie Brown 0-0: Ball
1-0: 3-RUN HOME RUN (Flyball, 8LXD, EV 97.5 MPH), Distance : 460 ft
Pitching: LHP Harry Osborne
Batting: RHB Scott Merritt 0-0: Ball
1-0: Ball
2-0: Called Strike
2-1: Foul Ball, location: 2F
2-2: Strikes out looking
Batting: LHB Nick Isaac 0-0: Swinging Strike
0-1: Called Strike
0-2: Strikes out swinging
Bottom of the 6th over - 5 runs, 3 hits, 1 error, 0 left on base; Oklahoma State University 1 - University of Illinois 6
TOP OF THE 7TH
Oklahoma State University Cowboys batting - Pitching for University of Illinois Fighting Illini : RHP Todd Kalkbrenner
Batting: RHB Tanner Purchase 0-0: Ball
1-0: Ball
2-0: Foul Ball, location: 2F
2-1: Foul Ball, location: 2F
2-2: Ball
3-2: Base on Balls
Batting: RHB Jerry Edmiston 0-0: Called Strike
Tanner Purchase steals 2nd base (no throw)
0-1: Ball
1-1: Swinging Strike
Passed Ball!
Tanner Purchase to third
1-2: Fly out, F2 (Popup, 23F, EV 89.4 MPH)
Batting: RHB Bobby Mabrey 0-0: Ball
Passed Ball!
Tanner Purchase scores
1-0: Ball
2-0: Called Strike
2-1: Foul Ball, location: 2F
2-2: Foul Ball, location: 2F
2-2: Strikes out swinging
Batting: SHB Robert Sayer 0-0: Ball
1-0: Ground out 6-3 (Groundball, 6, EV 87.5 MPH)
Top of the 7th over - 1 run, 0 hits, 0 errors, 0 left on base; Oklahoma State University 2 - University of Illinois 6
BOTTOM OF THE 7TH
University of Illinois Fighting Illini batting - Pitching for Oklahoma State University Cowboys : LHP Harry Osborne
Pinch Hitting: SHB Ryan Buchbinder 0-0: Ball
1-0: Ball
2-0: Fly out, F9 (Flyball, 89M, EV 87.5 MPH)
Batting: RHB John Ham 0-0: Foul Ball, location: 2F
0-1: Ball
1-1: Fly out, F9 (Flyball, 9D, EV 101.9 MPH)
Batting: RHB Bjoern Waltersson 0-0: Called Strike
0-1: Ball
1-1: Ball
2-1: Foul Ball, location: 2F
2-2: DOUBLE (Groundball, 5L, EV 103.1 MPH)
Batting: RHB Eric Waugaman 0-0: Foul Ball, location: 2F
0-1: Ball
1-1: Ground out 1-3 (Groundball, 25, EV 71.9 MPH)
Bottom of the 7th over - 0 runs, 1 hit, 0 errors, 1 left on base; Oklahoma State University 2 - University of Illinois 6
TOP OF THE 8TH
Oklahoma State University Cowboys batting - Pitching for University of Illinois Fighting Illini : RHP Todd Kalkbrenner
Pitching: RHP Taylor House
Batting: RHB Steve Hoekwater 0-0: SINGLE (Flyball, 4D, EV 85.6 MPH)
Batting: RHB Cyril Husson 0-0: Swinging Strike
0-1: Fly out, F9 (Line Drive, 9, EV 95.6 MPH)
Batting: RHB Nick Moore 0-0: Ball
1-0: Ball
2-0: Called Strike
2-1: Fly out, F7 (Flyball, 7, EV 90.0 MPH)
Pinch Hitting: RHB Sergio Torres 0-0: Ball
1-0: Foul Ball, location: 2F
1-1: Swinging Strike
1-2: Strikes out swinging
Top of the 8th over - 0 runs, 1 hit, 0 errors, 1 left on base; Oklahoma State University 2 - University of Illinois 6
BOTTOM OF THE 8TH
University of Illinois Fighting Illini batting - Pitching for Oklahoma State University Cowboys : LHP Harry Osborne
Pitching: LHP Chris Burch
Batting: RHB Jerry Castillo 0-0: Ball
1-0: Foul Ball, location: 2F
1-1: Ball
2-1: Foul Ball, location: 2F
2-2: Strikes out swinging
Batting: RHB Teruhide Horiuchi 0-0: Fly out, F3 (Popup, 3F, EV 57.5 MPH)
Batting: RHB Freddie Brown 0-0: Called Strike
0-1: Ball
1-1: Called Strike
1-2: Strikes out looking
Bottom of the 8th over - 0 runs, 0 hits, 0 errors, 0 left on base; Oklahoma State University 2 - University of Illinois 6
TOP OF THE 9TH
Oklahoma State University Cowboys batting - Pitching for University of Illinois Fighting Illini : RHP Taylor House
Batting: LHB J.P. Olson 0-0: Ball
1-0: Fly out, F4 (Flyball, 34D, EV 81.9 MPH)
Batting: RHB Tanner Purchase 0-0: Called Strike
0-1: Ball
1-1: Swinging Strike
1-2: Ball
2-2: Fly out, F8 (Line Drive, 8LD, EV 94.4 MPH)
Batting: RHB Jerry Edmiston 0-0: Ground out 1-3 (Groundball, P, EV 63.8 MPH)
Top of the 9th over - 0 runs, 0 hits, 0 errors, 0 left on base; Oklahoma State University 2 - University of Illinois 6
Wednesday, June 22nd , 2022 - OOTP Baseball 23.4 Build 64